[Event "Chinese League Div-A Rapid 2022"]
[Site "Fuling,Chongqing"]
[Date "2022.09.08"]
[Round "3.18"]
[White "Huang, Renjie"]
[Black "Wang, Hao B"]
[Result "1-0"]
[ECO "B90"]
[WhiteElo "2446"]
[BlackElo "2165"]
[Annotator "TA"]
[PlyCount "145"]
[EventDate "2022.09.07"]
[EventType "team-tourn"]
[EventCountry "CHN"]
[SourceTitle "playchess.com"]
[Source "ChessBase"]
[SourceQuality "1"]
[TimeControl "1500+10"]

1. e4 c5 2. Nf3 d6 3. d4 cxd4 4. Nxd4 Nf6 5. Nc3 a6 6. Rg1 g6 7. g4 {[%emt 0:00:02][%cal Bg2g4,Bg4g5][%mdl 32] B90: Sicilian Najdorf: Unusual White 6th moves, 6 Be3 Ng4 and 6 Be3 e5.} Bg7 8. g5 Nfd7 9. Be3 {[%emt 0:00:01] White is slightly better.} Nc6 {[%emt 0:00:10] 9...Nc6 was played by the boomers.} 10. Qd2 Nde5 (10... Nc5 $14) 11. Be2 $1 $16 ({Don't go for} 11. f4 $2 Nxd4 12. O-O-O Ndf3 $19) 11... Na5 12. b3 {[%emt 0:00:33] [#] Inhibits Nec4.} Nec6 $146 ({Predecessor:} 12... Bd7 13. Nd5 O-O 14. O-O-O Rc8 15. f4 Nec6 16. Nxc6 Nxc6 17. Bb6 Qe8 18. f5 Be5 {1-0 (30) Moradiabadi,E (2439)-Ibrayev,N (2516) Moscow 2005}) 13. O-O-O O-O 14. h4 Be6 $2 (14... Bxd4 $16 15. Bxd4 Nxd4 16. Qxd4 Nc6) 15. h5 $2 (15. Nxe6 $18 {and the rest is easy.} fxe6 16. Bg4) 15... Nxd4 16. Bxd4 Bxd4 17. Qxd4 Rc8 (17... Nc6 $16 18. Qd2 Qa5) 18. Rh1 ({White should play} 18. Nd5 $18) 18... Nc6 $14 19. Qe3 {[%emt 0:00:29] 0x0.001e3efdb379dp-1022s more active pieces.} Ne5 ({Better is} 19... Qa5 $14) 20. f4 Qa5 21. Kb2 Ng4 22. Bxg4 Bxg4 23. Rd5 Qc7 24. Rd2 Qc5 25. Qxc5 (25. Qg3 $142 $1 e6 26. hxg6 fxg6 27. Rhh2 (27. Na4 Qb4 $14)) 25... Rxc5 $16 26. Nd5 Re8 27. hxg6 fxg6 28. Re1 Be6 29. Nb4 Rf8 30. Nd3 Rcc8 31. Rh2 Rf7 32. Reh1 Bg4 33. Rh4 Be2 34. Nb4 e6 {[%emt 0:00:11] Inhibits f5.} 35. f5 exf5 36. exf5 Rxf5 37. Rxh7 Bh5 38. Rd7 a5 39. Nd3 Rxg5 40. Nf4 ({Wrong is} 40. Rxb7 $2 Bf3 41. Rbh7 Bxh1 42. Rxh1 Rg2 $19) 40... Rf5 41. Rh4 b5 42. Rxd6 Kf7 $1 43. Nd3 (43. Ne6 {with more complications.} Rf6 44. Re4 Rf2 45. Nd4) 43... Re8 44. Ra6 b4 45. a3 bxa3+ 46. Kxa3 (46. Ka2 {looks sharper.} Re2 47. Ra7+ Kf6 48. Rc7) 46... Re6 47. Ra7+ Kf6 48. c4 Re3 49. Rd4 Bd1 50. Ra6+ Kg5 51. Rdd6 (51. Nc5 $5 Rxc5 52. Rxd1 $14) 51... Kh4 52. Rd4+ Kg5 53. Nc1 (53. Nc5 $5 Rxc5 54. Rxd1 $14) 53... Re1 54. Rdd6 {[%emt 0:00:43] Nd3 is the strong threat.} Bh5 55. Nd3 Re3 {[%emt 0:01:24] [#]} (55... Re2 $14) 56. Ka4 $1 Kh4 57. Rxa5 Rxa5+ 58. Kxa5 {[%emt 0:00:01][%mdl 4096] Endgame KRB-KRN} g5 $1 59. c5 Be2 60. Nc1 Bf1 (60... Bf3 $1 $11) 61. Rh6+ Kg3 {[%emt 0:00:05] [#]} 62. c6 ({White should try} 62. Kb4 $1 $16) 62... Rc3 $11 63. Na2 Rxb3 {[%emt 0:00:11] White must now prevent ...Ra3+.} 64. Nb4 {[%emt 0:00:02] Threatens to win with c7.} Rc3 65. Kb6 {[%emt 0:00:17] Against Rc5. Hoping for c7.} Bh3 $2 (65... Rc4 $1 $11 66. Nd5 Bg2) 66. c7 {[%emt 0:00:07][%cal Oh6h3] aiming for Rxh3+!} Bc8 (66... Bg4 $142 67. Nd5 Rd3) 67. Rh8 Be6 (67... Bg4 {is a better defense.} 68. Rg8 Kh4) 68. Re8 Bf5 $2 (68... Bg4 {is a better chance.} 69. Rg8 (69. Nd5 Rc1 $18) 69... Kh4 70. Rh8+ Kg3) 69. Re5 $18 Kg4 (69... Rxc7 $18 70. Kxc7 Kf4) 70. Nd5 Rb3+ 71. Kc5 {[%emt 0:00:01][%cal Oe5f5] White wants to mate with Rxf5!} Bc8 72. Re8 Bd7 73. Nf6+ {[%emt 0:00:01] Weighted Error Value: White=0.14 (very precise) /Black=0.16 (very precise)} 1-0

[Event "Chinese League Div-A Rapid 2022"]
[Site "Fuling,Chongqing"]
[Date "2022.09.08"]
[Round "3.19"]
[White "Shao, Qiyu"]
[Black "Liu, Manli"]
[Result "0-1"]
[ECO "E14"]
[WhiteElo "1467"]
[BlackElo "2195"]
[Annotator "NA RC"]
[PlyCount "104"]
[EventDate "2022.09.07"]
[EventType "team-tourn"]
[EventCountry "CHN"]
[SourceTitle "playchess.com"]
[Source "ChessBase"]
[SourceQuality "1"]
[TimeControl "1500+10"]

1. c4 e6 2. Nf3 d5 3. e3 Nf6 4. Nc3 Be7 5. b3 O-O 6. Bb2 b6 7. Be2 Bb7 8. Rc1 Nbd7 9. O-O c5 10. cxd5 Nxd5 11. Nxd5 Bxd5 12. d4 Rc8 13. Bc4 Bb7 14. Qe2 Bd6 15. e4 cxd4 16. Nxd4 Qh4 17. Nf3 Qe7 18. Rfd1 Rfd8 19. h3 Bb8 20. Ba6 Rxc1 21. Rxc1 Ba8 22. Bb5 h6 23. Bxd7 Qxd7 24. Qc2 Bb7 25. Qc3 f6 26. Qc2 Rc8 27. Qd2 Rd8 28. Qc2 Kf7 29. Qe2 Qd3 30. Qxd3 Rxd3 31. Re1 g5 32. Nh2 Rd2 33. Bc3 Rc2 34. Bb4 a5 35. Rd1 Bc6 36. Bd6 Bxd6 37. Rxd6 Rc1+ 38. Nf1 Ke7 39. Rd4 Bb5 40. Kh2 Rxf1 41. Rd2 Re1 42. f3 Re2 43. Rd1 Rxa2 44. Rb1 f5 45. exf5 exf5 46. h4 gxh4 47. Kh3 Kf6 48. Rd1 Kg5 49. Rd4 Bf1 50. f4+ Kh5 51. Rd6 Rxg2 52. Rd1 Rf2+ 0-1

[Event "Chinese League Div-A Rapid 2022"]
[Site "Fuling,Chongqing"]
[Date "2022.09.08"]
[Round "3.20"]
[White "Sun, Fanghui"]
[Black "Hu, Yu A."]
[Result "0-1"]
[ECO "B51"]
[WhiteElo "2182"]
[BlackElo "2074"]
[Annotator "NA RC"]
[PlyCount "124"]
[EventDate "2022.09.07"]
[EventType "team-tourn"]
[EventCountry "CHN"]
[SourceTitle "playchess.com"]
[Source "ChessBase"]
[SourceQuality "1"]
[TimeControl "1500+10"]

1. e4 c5 2. Nf3 Nc6 3. Bb5 d6 4. O-O Bd7 5. Re1 Nf6 6. c3 a6 7. Bf1 Bg4 8. h3 Bxf3 9. Qxf3 e6 10. Na3 Be7 11. Nc2 O-O 12. d4 cxd4 13. cxd4 Rc8 14. b3 d5 15. e5 Ne4 16. Bd3 Nb4 17. Nxb4 Bxb4 18. Rd1 Bc3 19. Rb1 Bxd4 20. Ba3 Bxf2+ 21. Kh1 Bc5 22. Bxe4 Bxa3 23. Bxd5 exd5 24. b4 Qe7 25. Qxa3 Qxe5 26. b5 Rc3 27. Qb2 d4 28. bxa6 bxa6 29. Qb6 Ra3 30. Rxd4 Rxa2 31. Rd8 g6 32. Rd4 h5 33. Rf1 Qg3 34. Qc6 Rf2 35. Rfd1 Rb8 36. R4d3 Qg5 37. Rg1 Kh7 38. Qc7 Rb1 39. Rg3 Rxg1+ 40. Kxg1 Qf6 41. Qc4 Rf4 42. Qd3 a5 43. Re3 h4 44. Kh2 a4 45. Re1 Rf2 46. Re4 Qg5 47. Rg4 Qe5+ 48. Kg1 Qe1+ 49. Kh2 Qe5+ 50. Kg1 Rf4 51. Rxf4 Qxf4 52. Qa3 Kg7 53. Qc3+ Qf6 54. Qa3 Qb6+ 55. Kh2 Qb3 56. Qa1+ f6 57. Qc1 a3 58. Qc7+ Qf7 59. Qa5 a2 60. Qc3 Qe6 61. Qc7+ Kh6 62. Qf4+ g5 0-1

[Event "Chinese League Div-A Rapid 2022"]
[Site "Fuling,Chongqing"]
[Date "2022.09.08"]
[Round "3.21"]
[White "Xiao, Tong"]
[Black "Liu, Yan"]
[Result "1-0"]
[ECO "B90"]
[WhiteElo "2027"]
[BlackElo "2530"]
[Annotator "TA"]
[PlyCount "95"]
[EventDate "2022.09.07"]
[EventType "team-tourn"]
[EventCountry "CHN"]
[SourceTitle "playchess.com"]
[Source "ChessBase"]
[SourceQuality "1"]
[TimeControl "1500+10"]

1. e4 c5 2. Nf3 d6 3. d4 cxd4 4. Nxd4 Nf6 5. f3 e5 6. Nb3 Be6 7. Nc3 a6 8. Be3 h5 9. Be2 {[%emt 0:00:52] B90: Sicilian Najdorf: Unusual White 6th moves, 6 Be3 Ng4 and 6 Be3 e5.} Nbd7 10. a4 Rc8 11. Qd2 {[%emt 0:00:50] The position is equal.} Be7 12. O-O Nb6 13. a5 Nc4 14. Bxc4 Rxc4 15. Nd5 Nxd5 16. exd5 Bf5 17. c3 Qd7 {[%emt 0:01:27] [#]} 18. Qe2 $146 ({Predecessor:} 18. Nc1 Ra4 19. Rxa4 Qxa4 20. Bb6 Qc2 21. Qxc2 Bxc2 22. Rf2 Bh7 23. Nb3 g5 24. c4 {0-1 (36) Del Castilho,M (2205)-Dominguez Perez,L (2716) Santiago de los Caballeros 2011}) 18... Qb5 19. Nd2 Rc8 20. Qxb5+ axb5 21. a6 bxa6 22. Rxa6 Bd3 23. Rfa1 O-O 24. Ra7 Rfe8 25. Rb7 Bf8 26. Raa7 f5 27. g3 Rb8 28. Rc7 Rec8 29. Rxc8 Rxc8 30. Kg2 h4 31. f4 hxg3 32. hxg3 b4 33. cxb4 Rb8 34. b3 Rb5 35. fxe5 dxe5 36. d6 {[%emt 0:00:08] [#] Threatens to win with d7.} Rd5 37. Bc5 {[%emt 0:00:13] Hoping for Nc4.} Bb5 (37... Bxd6 $2 38. Rd7 $18) ({Black should try} 37... Bc2 $14 38. Nf3 Be4) 38. Nc4 $18 g5 39. Kf2 f4 40. Ra8 $2 {[%emt 0:00:31] [#]} (40. Rb7 $18 Be8 41. gxf4 exf4 42. Nb6 Rxd6 43. Bxd6 Bxd6 44. Nc4) 40... Kg7 $2 (40... Kf7 $16) 41. Rb8 Bc6 (41... fxg3+ {is a better defense.} 42. Kg2 Bxc4) 42. Rb6 ({Not} 42. b5 Rxc5 43. bxc6 Rxc6 $18) 42... fxg3+ 43. Kxg3 Rd3+ 44. Kf2 Be4 45. Nxe5 Rd5 46. d7 Bf5 47. Bxf8+ Kxf8 48. Rf6+ {[%emt 0:00:06] Weighted Error Value: White=0.08 (flawless) /Black=0.50} 1-0

[Event "Chinese League Div-A Rapid 2022"]
[Site "Fuling,Chongqing"]
[Date "2022.09.08"]
[Round "3.22"]
[White "Zou, Chen"]
[Black "Bu, Xiangzhi"]
[Result "0-1"]
[ECO "A07"]
[WhiteElo "2432"]
[BlackElo "2709"]
[Annotator "TA"]
[PlyCount "98"]
[EventDate "2022.09.07"]
[EventType "team-tourn"]
[EventCountry "CHN"]
[SourceTitle "playchess.com"]
[Source "ChessBase"]
[SourceQuality "1"]
[TimeControl "1500+10"]

1. Nf3 d5 2. b3 Bf5 3. Bb2 e6 4. g3 Nf6 5. Bg2 Be7 6. O-O O-O 7. d3 h6 8. Nbd2 Bh7 9. Re1 c6 10. e4 a5 11. a3 Na6 {[%emt 0:00:17] 11...Nbd7 is the fancy move. A07: Réti Opening: New York and Capablanca Systems.} 12. Qe2 Re8 13. Rad1 Rc8 {[%emt 0:01:58] The position is equal.} 14. Ne5 Nc5 {[%emt 0:00:19] [#]} 15. Kh1 $146 ({Predecessor:} 15. f4 Qb6 16. Kh1 Rcd8 17. exd5 cxd5 18. Ndf3 Ncd7 19. a4 Bc5 20. Bh3 Nxe5 21. fxe5 {1-0 (34) Iljushin,A (2549)-Reshetnikov,A (2388) Moscow 2008}) 15... Nfd7 16. Ng4 Nf6 17. Ne5 Ncd7 18. Nxd7 Nxd7 (18... Qxd7 $2 19. e5 $18) 19. f4 Bf6 20. e5 Be7 21. Nf3 b5 22. g4 a4 (22... c5 $15) 23. b4 c5 24. c4 $2 ({Better is} 24. bxc5 $15 Bxc5 25. c3) 24... dxc4 $19 (24... cxb4 $2 25. cxd5 bxa3 26. Ba1 $17) 25. dxc4 bxc4 26. Qxc4 Qc7 (26... cxb4 $19 27. Qb5 Rc7) 27. Qb5 Nb6 (27... Nf8 $17 {And now ...cxb4 would win.} 28. bxc5 (28. Qxa4 cxb4 29. Rc1 Bc2 $17) 28... Qxc5) 28. f5 cxb4 (28... exf5 29. e6 f6 30. Ne5 fxe5 31. Bxe5 $16) 29. axb4 Nc4 ({Reject} 29... exf5 $6 30. Rc1 (30. e6 f6 $16) 30... Qd8 31. Rcd1 $11) 30. fxe6 fxe6 $17 ({Don't take} 30... Nxb2 31. exf7+ Kxf7 32. Rd7 Qxd7 33. Qxd7 $18) 31. Rd7 {[%emt 0:00:15] [#]} (31. Rc1 $17 Qb6 32. Qxb6 Nxb6 33. Bd4) 31... Qb6 $1 $19 32. Qxb6 Nxb6 33. Rb7 Rb8 34. Rxb8 Rxb8 35. b5 (35. Nd4 $17) 35... Nc4 36. Ba1 Rxb5 37. Nd4 (37. Bf1 $142 Rc5 38. Bd4) 37... Rxe5 38. Rxe5 Nxe5 39. Nxe6 Nxg4 40. Bd5 Ne3 41. Ba2 Bc2 (41... Be4+ $142 42. Kg1 Bd5 43. Bxd5 Nxd5 44. Nxg7 Ne3) 42. Nd4+ Kf8 {[%emt 0:00:40] Hoping for ...Bf6.} 43. Ne6+ {[%emt 0:00:10] [#]} Ke8 $1 44. Bxg7 Bb3 45. Bxb3 axb3 46. Nf4 Kf7 47. Bd4 {[%emt 0:00:07] [#]} (47. Bb2 $19) 47... Bf6 $1 {[%emt 0:00:12] Black mates.} 48. Bxf6 Kxf6 49. Nd3 Nc4 {[%emt 0:00:07] Weighted Error Value: White=0.56/Black=0.19 (very precise)} 0-1

[Event "Chinese League Div-A Rapid 2022"]
[Site "Fuling,Chongqing"]
[Date "2022.09.08"]
[Round "3.23"]
[White "Zhou, Weiqi"]
[Black "Zeng, Chongsheng"]
[Result "1/2-1/2"]
[ECO "D38"]
[WhiteElo "2597"]
[BlackElo "2597"]
[Annotator "TA"]
[PlyCount "38"]
[EventDate "2022.09.07"]
[EventType "team-tourn"]
[EventCountry "CHN"]
[SourceTitle "playchess.com"]
[Source "ChessBase"]
[SourceQuality "1"]
[TimeControl "1500+10"]

1. d4 Nf6 2. Nf3 e6 3. c4 d5 4. Nc3 Bb4 5. Bg5 h6 6. Bxf6 Qxf6 7. e3 O-O 8. Rc1 dxc4 9. Bxc4 c5 {[%emt 0:00:04] D38: Queen's Gambit Declined: Ragozin Defence (4 Nf3 Bb4).} 10. Qb3 Nc6 {[%emt 0:00:59] [#] Hoping for ...Na5.} 11. dxc5 $1 Bxc5 12. Ne4 Qe7 13. Nxc5 Qxc5 14. O-O Qe7 {[%emt 0:00:30] [#]} 15. Rfd1 $146 ({Predecessor:} 15. Bd3 Qb4 16. Qxb4 Nxb4 17. Bc4 Bd7 18. Ne5 Rfd8 19. Nxd7 Rxd7 20. a3 Nc6 21. Bb5 Rd2 22. Bxc6 {½-½ (22) Giri,A (2776)-Anand,V (2757) Bucharest 2019}) 15... Rb8 16. Nd4 Bd7 {[%emt 0:00:18] The position is equal.} 17. Bb5 Nxd4 18. Rxd4 Bxb5 19. Qxb5 Rfd8 {[%emt 0:00:29] Prevents Rd7. An uneventful encounter.  Weighted Error Value: White=0.05 (flawless) /Black=0.04 (flawless)} 1/2-1/2

[Event "Chinese League Div-A Rapid 2022"]
[Site "Fuling,Chongqing"]
[Date "2022.09.08"]
[Round "3.24"]
[White "Huang, Qian"]
[Black "Zhou, Guijue"]
[Result "1-0"]
[ECO "A08"]
[WhiteElo "2433"]
[BlackElo "2225"]
[Annotator "TA"]
[PlyCount "157"]
[EventDate "2022.09.07"]
[EventType "team-tourn"]
[EventCountry "CHN"]
[SourceTitle "playchess.com"]
[Source "ChessBase"]
[SourceQuality "1"]
[TimeControl "1500+10"]

1. Nf3 Nf6 2. g3 e6 3. Bg2 d5 4. O-O c5 5. d3 Nc6 6. e4 {[%emt 0:00:46] A08: King's Indian Attack.} dxe4 7. dxe4 Qxd1 8. Rxd1 {[%emt 0:00:01] [#] The position is equal.} e5 $146 ({Predecessor:} 8... Nxe4 9. Na3 Be7 10. Bf4 f5 11. Ne5 Nxe5 12. Bxe5 Bf6 13. Nc4 Bxe5 14. Nxe5 Ke7 15. Bxe4 fxe4 {1-0 (56) Grischuk,A (2777)-Fridman,D (2616) Moscow 2019}) 9. Na3 {[%emt 0:01:45] Strongly threatening Nb5.} Bg4 10. c3 Be7 11. h3 Bxf3 12. Bxf3 O-O 13. Nc4 Rfd8 14. Rxd8+ Rxd8 15. a4 b6 16. Be3 h6 17. Bg2 Ne8 18. Bf1 Nd6 19. Nxd6 Bxd6 20. Bc4 Bc7 21. Kf1 Kf8 22. Ke2 Ke7 23. Bd5 Nb8 24. a5 Nd7 25. axb6 Bxb6 26. Bc4 Nf6 27. f3 Rd7 28. b3 Nh5 29. Kf2 Nf6 30. Ke2 Nh5 $1 31. Bf2 Nf6 32. Ke3 Ne8 33. Ke2 Nf6 $1 34. Bb5 Rd8 35. c4 a5 36. Be1 Ra8 (36... Nh5 $16) 37. b4 $1 $18 cxb4 38. Bxb4+ {[%emt 0:00:02][%mdl 64] Pin} Ke6 39. c5 Bc7 (39... Rb8 $142) 40. Bc4+ $1 Ke7 41. c6+ Ke8 42. Bc3 (42. Ba3 $18) 42... Ng8 (42... Ke7 $16 {was worth a try.} 43. Bb4+ Ke8) 43. Bd5 (43. Rd1 $18 {aiming for Rd7.} Nf6 44. Ra1) 43... Ne7 $14 44. Kd3 f6 45. Kc4 ({White should try} 45. Rb1 $16) 45... Nc8 $11 46. Bd2 Nd6+ 47. Kd3 Nc8 48. f4 {[%emt 0:00:10] White is much more active. The black rooks are badly placed.} (48. Bb4 $16) 48... Ne7 (48... a4 $1 $11) 49. fxe5 $1 $16 Bxe5 50. Rxa5 Rxa5 51. Bxa5 {[%emt 0:00:02] And now g4 would win.} Bxg3 {[%emt 0:00:11][%mdl 4096] Endgame [#] KBB-KBN} 52. Kc4 $1 Bd6 (52... Nc8 $16 53. Kc5 Nd6) 53. Kb5 $18 f5 {[%emt 0:00:52] [#]} 54. Be6 $2 {[%emt 0:00:08] This bishop pair is nice.} (54. Kc4 $1 $18) 54... fxe4 $11 55. c7 {[%emt 0:00:02] Hoping for Kc4.} Bxc7 $2 {[%emt 0:00:01][%mdl 8192] This costs Black the game.} 56. Bxc7 $18 e3 57. Kc4 e2 58. Bg3 Ng6 59. Kc3 Nf4 60. Bg4 h5 61. Bf3 {[%emt 0:00:02] Prevents Nd5+.} Nxh3 62. Bxh5+ Kf8 63. Bxe2 Ng5 64. Kd4 {[%emt 0:00:03] Prevents Ne4.} Kf7 65. Ke5 Nh7 66. Bc4+ Kg6 67. Bd3+ Kh6 (67... Kf7 $18 68. Kf5 (68. Bxh7 g6 $11) 68... g6+ 69. Ke5 Nf6) 68. Bf4+ g5 69. Bd2 Kg7 70. Kf5 Kh6 71. Bc4 Kh5 72. Bf7+ Kh6 73. Bc3 Nf8 74. Bc4 Nh7 75. Be2 (75. Bb5 $142 Nf8 76. Be8 g4 77. Kxg4 Nh7 78. Kf5 Nf8 79. Bb2 Nh7 80. Bc3) 75... Nf8 76. Kf6 {[%emt 0:00:08] White mates.} Nd7+ 77. Kf7 Nc5 78. Bg7+ Kh7 79. Bg4 {[%emt 0:00:10] Weighted Error Value: White=0.20 (precise) /Black=0.30} 1-0

[Event "Chinese League Div-A Rapid 2022"]
[Site "Fuling,Chongqing"]
[Date "2022.09.08"]
[Round "3.25"]
[White "Yeoh, Li Tian"]
[Black "Zhao, Shengxin"]
[Result "0-1"]
[ECO "B23"]
[WhiteElo "2530"]
[BlackElo "2112"]
[Annotator "TA"]
[PlyCount "142"]
[EventDate "2022.09.07"]
[EventType "team-tourn"]
[EventCountry "CHN"]
[SourceTitle "playchess.com"]
[Source "ChessBase"]
[SourceQuality "1"]
[TimeControl "1500+10"]

1. e4 c5 2. Nc3 a6 3. a4 Nc6 4. f4 d6 5. Nf3 g6 6. Bc4 Bg7 7. d3 e6 8. O-O Nge7 9. Qe1 Nd4 ({Better is} 9... O-O $11) 10. Nxd4 $14 {[%emt 0:01:14] B23: Closed Sicilian: Lines without g3.} cxd4 11. Ne2 Bd7 12. Bb3 {[%emt 0:01:17] White is better.} O-O 13. Bd2 Nc6 14. a5 Kh8 15. Ng3 f5 {[%emt 0:01:11] [#]} 16. exf5 $146 ({Predecessor:} 16. Qf2 Qf6 17. Rfe1 Rae8 18. exf5 exf5 19. Qf3 Be6 20. Bd5 Bd7 21. Rxe8 Rxe8 22. Re1 {0-1 (77) Loeffler,C (2168)-Scheffknecht,P (2094) Austria 2013}) 16... exf5 17. Qf2 Re8 18. Qf3 Qc7 19. Rfe1 Rxe1+ 20. Rxe1 Nxa5 21. Bxa5 (21. Ba2 $1 $11) 21... Qxa5 $17 22. Re7 Bc6 23. Qe2 Qd8 (23... Bf6 $1 $17 24. Re6 Qd8) 24. Qe6 $15 Qf8 25. Qxd6 (25. Rf7 $5 Qd8 26. Re7 $11) 25... Re8 26. Rxe8 Qxe8 27. Qe6 (27. Kf1 $11 {remains equal.}) 27... Qxe6 $17 28. Bxe6 {[%emt 0:00:02][%mdl 4096] Endgame KBB-KBN} Bf6 29. Ne2 Kg7 30. Kf2 Kf8 31. g3 Ke7 32. Bb3 h6 33. h4 a5 34. Ng1 a4 35. Bg8 Be8 36. Nf3 b5 37. Nd2 $2 (37. Ke2 $17 {was called for.}) 37... Bf7 $19 38. Bxf7 Kxf7 {[%emt 0:00:01] KB-KN} 39. Ke2 b4 $2 (39... g5 $1 $19 {[%cal Rg5h4] has better winning chances.} 40. h5 gxf4 41. gxf4 b4) 40. Nc4 $17 Be7 {[%emt 0:00:04] Threatens to win with ...a3.} 41. Kd2 $2 {[%emt 0:00:13] [#]} (41. Kd1 $17) 41... g5 $1 $19 42. hxg5 hxg5 43. Kc1 gxf4 44. gxf4 {[%emt 0:00:00] [#]} Ke6 (44... Bc5 $1 $19 {Strongly threatening ...Ke6.} 45. Ne5+ Kg7) 45. Kb1 $2 (45. Nb6 $17) 45... Bd8 46. Ne5 Kd5 {[%emt 0:00:05] ...Bc7 is the strong threat.} 47. Ng6 Bc7 {[%emt 0:00:23] aiming for ...Ke6.} 48. Nh4 Ke6 49. Nf3 Bxf4 {[%emt 0:00:07] And now ...Be3 would win.} 50. Nxd4+ Kf6 51. Nc6 Bd6 {[%emt 0:00:08] Hoping for ...f4.} 52. c4 $2 (52. Na5 $19 f4 53. Nc4) 52... bxc3 53. bxc3 f4 {[%emt 0:00:01] ( -> ...f3)} 54. Nd4 Be5 {[%emt 0:00:03] Black mates.} 55. Nf3 Bxc3 56. Ka2 Bb4 57. Kb2 Ke6 58. Kc2 Kf5 59. Nd4+ Kg4 60. Kd1 f3 61. Nc2 Bc3 62. d4 Kf4 63. d5 Ke5 64. Ne3 Bd4 65. Nc4+ Kxd5 66. Na3 Kc5 67. Kd2 Kb4 68. Nc2+ Kc4 69. Na3+ Kb3 70. Nb5 Bc5 71. Kd3 a3 {[%emt 0:00:05] Weighted Error Value: White=0.52/Black=0.23 (precise)} 0-1

[Event "Chinese League Div-A Rapid 2022"]
[Site "Fuling,Chongqing"]
[Date "2022.09.08"]
[Round "3.26"]
[White "Peng, Xiongjian"]
[Black "Bai, Jinshi"]
[Result "1/2-1/2"]
[ECO "C42"]
[WhiteElo "2454"]
[BlackElo "2586"]
[Annotator "TA"]
[PlyCount "106"]
[EventDate "2022.09.07"]
[EventType "team-tourn"]
[EventCountry "CHN"]
[SourceTitle "playchess.com"]
[Source "ChessBase"]
[SourceQuality "1"]
[TimeControl "1500+10"]

1. e4 e5 2. Nf3 Nf6 3. Nxe5 d6 4. Nf3 Nxe4 5. d4 d5 6. Bd3 Bd6 7. O-O O-O 8. Re1 Bf5 9. c4 c6 10. Ng5 {[%emt 0:00:08][%cal Rd3e4] C42: Petroff Defence: 3 Nxe5 and unusual White 3rd moves.} Re8 ({Much less strong is} 10... Nxg5 11. Bxf5 h6 12. Qb3 $14) 11. Bxe4 dxe4 12. Nc3 ({Reject} 12. Qh5 Bg6 13. Qe2 h6 $17) 12... h6 (12... Nd7 $5 ) 13. Ngxe4 Bxe4 14. Nxe4 Bxh2+ $1 15. Kf1 f5 $1 16. Nc5 {[%emt 0:00:02] [#] And now g3 would win.} Bc7 $146 ({Black should try} 16... b6 $1 $14) ({Predecessor:} 16... b6 17. Nd3 Bc7 18. Bf4 Bxf4 19. Nxf4 Na6 20. Rxe8+ Qxe8 21. Qd3 Qf7 22. Re1 g5 {½-½ (45) Yu,Y (2753)-Duda,J (2748) Hamburg 2019}) 17. Nxb7 $18 Qc8 18. Nc5 Nd7 19. Rxe8+ Qxe8 20. Na6 Bd8 21. Bf4 Qf7 22. Qd3 {[%emt 0:02:16] White is more active.} Bf6 23. Re1 Nf8 24. b3 Rd8 25. Qxf5 Bxd4 26. Qxf7+ Kxf7 27. Nb4 Rc8 28. Rd1 Ne6 29. Be3 Bxe3 30. fxe3 $16 {[%emt 0:00:01][%mdl 4096] Endgame KRN-KRN} Ke7 {[%emt 0:00:02] Prevents Rd7+.} 31. Ke2 Nc5 32. Rf1 g6 {[%emt 0:01:40] Prevents Rf5.} 33. Rf4 a5 34. Nc2 Ne6 35. Rh4 h5 36. Nd4 {[%emt 0:00:08] Black must now prevent Re4.} c5 {[%emt 0:00:11] [#]} 37. Nxe6 (37. Nb5 $1 $16) 37... Kxe6 {[%emt 0:00:01] KR-KR. The position is equal.} 38. Re4+ Kf6 39. Rf4+ Ke6 40. Rf1 Rd8 41. Rh1 Ke5 42. Rf1 {[%emt 0:00:11] Rf7 is the strong threat.} Ke6 {[%emt 0:00:01] Prevents Rf7.} 43. Rf2 h4 44. Rf1 a4 45. Rb1 axb3 46. Rxb3 Ra8 47. Rb5 Rxa2+ 48. Kf3 g5 49. Rxc5 g4+ {[%emt 0:00:01][%mdl 64] [#] Decoy} 50. Kxg4 {[%emt 0:00:04] aiming for Kh3.} Rxg2+ 51. Kf3 h3 52. Rh5 Rc2 53. Rh6+ Ke5 {[%emt 0:00:17] Black defended with fortune.  Weighted Error Value: White=0.10 (very precise) /Black=0.08 (flawless)} 1/2-1/2